 Dungeon Crawl Stone Soup version 0.18.1-50-g88ac8fd (webtiles) character file.

443 Gargoyl the Skirmisher (level 6, -1/44 HPs)
             Began as a Demonspawn Abyssal Knight on Sept 16, 2016.
             Was a Priest of Lugonu.
             Killed from afar by Blork the orc (6 damage)
             ... with a puff of flame
             ... on level 4 of the Dungeon.
             The game lasted 00:09:44 (4633 turns).

Gargoyl the Skirmisher (Demonspawn Abyssal Knight)  Turns: 4633, Time: 00:09:45

Health: -1/44      AC:  4    Str: 15      XL:     6   Next: 71%
Magic:  8/8        EV: 11    Int: 15      God:    Lugonu [***...]
Gold:   152        SH:  2    Dex:  9 (12) Spells: 0 memorised, 5 levels left

rFire  . . .     SeeInvis .     a - +1 hand axe
rCold  + . .     Gourm    .     b - +0 leather armour
rNeg   . . .     Faith    .     m - +0 buckler
rPois  +         Spirit   .     (helmet restricted)
rElec  .         Dismiss  .     (no cloak)
rCorr  .         Reflect  .     j - +1 pair of gloves
SustAt .         Harm     .     (no boots)
MR     .....                    (no amulet)
Stlth  +.........               (no ring)
                                e - ring of protection from cold

@: not resistant to hostile enchantments, very unstealthy
A: antennae 1, talons 1, clever 1, deformed body, demonic guardian 1, frail 1,
poison resistance, powered by death 1, screaming 1, evolution 1
a: Depart the Abyss, Bend Space, Banish, Renounce Religion


You were on level 4 of the Dungeon.
You worshipped Lugonu.
Lugonu was most pleased with you.
You were not hungry.

You visited 1 branch of the dungeon, and saw 4 of its levels.
You visited the Abyss 1 time.

You collected 152 gold pieces.

Inventory:

Hand Weapons
 a - a +1 hand axe (weapon)
 d - a cursed +0 spear
Missiles
 k - 5 tomahawks (quivered)
Armour
 b - a +0 leather armour (worn)
 j - a +1 pair of gloves (worn)
 m - a +0 buckler (worn)
Jewellery
 e - a ring of protection from cold (left hand)
 r - an uncursed ring of poison resistance
Scrolls
 h - 6 scrolls of identify
Books
 w - a book of Maledictions

   Spells                             Type                      Level
   a - Corona                         Hexes                        1
   b - Ensorcelled Hibernation        Hexes/Ice                    2
   c - Confuse                        Hexes                        3
   d - Tukima's Dance                 Hexes                        3
   e - Dazzling Spray                 Conjuration/Hexes            3
 x - a Grand Grimoire

   Spells                             Type                      Level
   a - Monstrous Menagerie            Summoning                    7
   b - Summon Greater Demon           Summoning                    7
   c - Malign Gateway                 Summoning/Translocation      7
   d - Summon Horrible Things         Summoning                    8
Comestibles
 c - 3 bread rations
 f - a chunk of flesh
 g - 3 fruits
 t - a slice of pizza
 v - a meat ration


   Skills:
 + Level 4.6 Fighting
 + Level 2.8 Axes
 * Level 3.3 Armour
 + Level 3.7 Dodging
 + Level 0.8 Stealth
 + Level 2.7 Invocations


You had 5 spell levels left.
You didn't know any spells.

Dungeon Overview and Level Annotations

Branches:
Dungeon (4/15)
 Temple: D:4-7

Altars:
Dithmenos

Annotations:
D:4 Blork the orc


Innate Abilities, Weirdness & Mutations

You have a pair of small antennae on your head.
You have sharp toenails.
A weak demonic guardian rushes to your aid.
You regenerate a little health from kills.
Your mind is acute. (Int +2)
Armour fits poorly on your strangely shaped body.
You are frail (-10% HP).
Your system is resistant to poisons.
You occasionally shout uncontrollably at your foes.
You evolve.


Message History

You barely miss something. You claw something. Something hits you.
You barely miss something. Your kick misses something. Something hits you.
You completely miss something. Something hits you.
You miss something. You claw something.
You hear some strange, mumbled words.
A puff of flame appears from out of thin air!
The puff of flame misses you. Something hits you.
Drink which item? (? for menu, Esc to quit)
You feel extremely strange.
You feel resistant to poisons.
You feel the urge to shout.
You feel nature experimenting on you.
Don't worry, failures die fast.
Something hits you!
* * * LOW HITPOINT WARNING * * *
You hit something but do no damage. Your kick misses something.
You hear some strange, mumbled words.
You barely miss something.
You hear some strange, mumbled words.
A puff of flame appears from out of thin air!
The puff of flame hits you!
You die...

#..>...###..##
...###..#...##
### #..# #....##
.... #..# #....#
#..# ..# ##..##
..# ##.# ..#
##..######.#
#...†..#{..#
#.......5@..#
......##.......#
#..### ###.....#
### #.....#
#######


You could see a friendly ufetubus.

Vanquished Creatures
  Eustachio (D:4)
  An ogre (D:4)
  An orc priest (D:3)
  A worker ant (D:4)
  5 gnolls
  10 adders
  2 worms
  A dart slug (D:1)
  4 giant geckos
  4 orcs (D:3)
  2 giant cockroaches
  10 goblins
  8 hobgoblins
  8 jackals
  11 kobolds
  2 quokkas (D:2)
  A ball python skeleton (D:4)
  9 bats
  6 giant newts
  8 rats
95 creatures vanquished.

Notes
Turn   | Place    | Note
--------------------------------------------------------------
     0 | Abyss:1  | Gargoyl the Demonspawn Abyssal Knight began the quest for the Orb.
     0 | Abyss:1  | Reached XP level 1. HP: 18/18 MP: 2/2
    91 | Abyss:1  | Noticed a small abomination
   103 | D:1      | Escaped the Abyss
   169 | D:1      | Reached * piety under Lugonu
   312 | D:1      | Reached skill level 1 in Dodging
   312 | D:1      | Gained mutation: You have sharp toenails. [demonic ancestry]
   312 | D:1      | Reached XP level 2. HP: 17/24 MP: 3/3
   895 | D:2      | Gained mutation: You have a pair of small antennae on your head. [demonic ancestry]
   895 | D:2      | Reached XP level 3. HP: 23/29 MP: 4/4
  1248 | D:2      | Reached ** piety under Lugonu
  1289 | D:2      | Reached XP level 4. HP: 18/37 MP: 6/6
  2650 | D:3      | Gained mutation: A weak demonic guardian rushes to your aid. [demonic ancestry]
  2650 | D:3      | Reached XP level 5. HP: 42/42 MP: 7/7
  2671 | D:2      | Reached *** piety under Lugonu
  2919 | D:2      | Reached skill level 4 in Fighting
  3291 | D:3      | Found a shadowy altar of Dithmenos.
  4350 | D:4      | Noticed Eustachio
  4354 | D:4      | Noticed an ogre
  4416 | D:4      | Gained mutation: Your mind is acute. (Int +2) [potion of mutation]
  4416 | D:4      | Gained mutation: You are frail (-10% HP). [potion of mutation]
  4416 | D:4      | Gained mutation: Armour fits poorly on your strangely shaped body. [potion of mutation]
  4417 | D:4      | Killed an ogre
  4417 | D:4      | Gained mutation: You regenerate a little health from kills. [demonic ancestry]
  4417 | D:4      | Reached XP level 6. HP: 28/43 MP: 8/8
  4431 | D:4      | HP: 1/43 [river rat[Eustachio] (4)]
  4441 | D:4      | Killed Eustachio
  4616 | D:4      | Noticed Blork the orc
  4631 | D:4      | Gained mutation: Your system is resistant to poisons. [potion of mutation]
  4631 | D:4      | Gained mutation: You occasionally shout uncontrollably at your foes. [potion of mutation]
  4631 | D:4      | Gained mutation: You evolve. [potion of mutation]
  4633 | D:4      | Killed from afar by Blork the orc

Skill      XL: |  1  2  3  4  5 |
---------------+----------------+-----
Axes           | 2 |  2.8
Dodging        | 1 2 3 |  3.7
Armour         | 2 3 |  3.3
Fighting       | 4 |  4.6
Stealth        | |  0.8
Invocations    | |  2.7

Action                   |  1- 3 |  4- 6 || total
-------------------------+-------+-------++-------
Melee: Hand axe          |   106 |   257 ||   363
       Kick              |    12 |    48 ||    60
Throw: Tomahawk          |     5 |     2 ||     7
Invok: Depart the Abyss  |     1 |       ||     1
  Use: Potion            |       |    11 ||    11
       Scroll            |       |     4 ||     4
 Stab: Sleeping          |     1 |     1 ||     2
  Eat: Chunk             |     1 |    12 ||    13
Armor: Leather armour    |    67 |    98 ||   165
       Skin              |       |    19 ||    19
Dodge: Dodged            |    93 |   224 ||   317
Block: Buckler           |       |     5 ||     5
